 Dungeon Crawl Stone Soup version 0.21.1-1-g345015f (webtiles) character file.

106 Fortress the Sneak (level 4, -2/30 HPs)
             Began as a Vampire Earth Elementalist on June 18, 2018.
             Slain by a gnoll
             ... wielding a +0 halberd
              (3 damage)
             ... on level 3 of the Dungeon.
             The game lasted 00:15:05 (3429 turns).

Fortress the Sneak (Vampire Earth Elementalist)     Turns: 3429, Time: 00:15:06

Health: -2/30      AC:  2    Str:  7    XL:     4   Next: 55%
Magic:  4/7        EV: 13    Int: 18    God:
Gold:   67         SH:  0    Dex: 14    Spells: 4/8 levels left

rFire    . . .     SeeInvis +   o - +0 rapier
rCold    . . .     Gourm    .   (no shield)
rNeg     + . .     Faith    .   c - +0 robe
rPois    .         Spirit   .   (no helmet)
rElec    .         Reflect  .   (no cloak)
rCorr    .         Harm     .   (no gloves)
MR       .....                  (no boots)
Stlth    +++.......             (no amulet)
HPRegen  0.10/turn              (no ring)
MPRegen  0.10/turn              (no ring)

@: no status effects
A: fangs 3, see invisible, unbreathing
a: Bat Form


You were on level 3 of the Dungeon.
You were not thirsty.

You visited 1 branch of the dungeon, and saw 4 of its levels.

You collected 67 gold pieces.

Inventory:

Hand Weapons
 j - a +0 mace
 o - a +0 rapier (weapon)
Missiles
 b - 13 stones (quivered)
 i - 4 curare-tipped needles
 l - 16 arrows
 m - 16 sling bullets
Armour
 c - a +0 robe (worn)
Wands
 r - a wand of clouds (5)
Scrolls
 a - 2 scrolls of remove curse {unknown}
 f - a scroll of teleportation {unknown}
 g - 2 scrolls of identify {unknown}
 h - a scroll of enchant armour {unknown}
 n - 2 scrolls of fog {unknown}
Potions
 d - 7 potions of blood
 k - a potion of brilliance {unknown}
 p - a potion of heal wounds {unknown}
 q - a potion of haste {unknown}
 s - a potion of lignification {unknown}
 t - 2 potions of flight {unknown}
Books
 e - a book of Geomancy

   Spells                             Type                      Level
   a - Sandblast                      Earth                        1
   b - Passwall                       Transmutation/Earth          2
   c - Stone Arrow                    Conjuration/Earth            3
   d - Petrify                        Transmutation/Earth          4
   e - Lee's Rapid Deconstruction     Earth                        5


   Skills:
 + Level 1.2 Short Blades
 + Level 3.1 Dodging
 + Level 4.0 Stealth
 + Level 2.6 Spellcasting
   Level 1.1 Transmutations
 + Level 3.7 Earth Magic
 * Level 0.4 Evocations


You had 4 spell levels left.
You knew the following spells:

 Your Spells              Type           Power        Failure   Level  Hunger
a - Sandblast             Erth           ###...       3%          1    #......
b - Stone Arrow           Conj/Erth      #.....       24%         3    ###....


Dungeon Overview and Level Annotations

Branches:
Dungeon (4/15)
 Temple: D:4-7

Altars:


Innate Abilities, Weirdness & Mutations

You have razor-sharp teeth.
You have supernaturally acute eyesight. (SInv)
You can survive without breathing.


Message History

Casting: Sandblast
Confirm with . or Enter, or press ? or * to list all spells.
Aiming: Sandblast
Press: ? - help, Shift-Dir - straight line, f - gnoll
Aim: a gnoll (lightly wounded)
The blast of sand hits the gnoll.
The gnoll is severely wounded.
b - 14 stones The gnoll hits you.
* * * LOW HITPOINT WARNING * * *
Casting: Sandblast
Confirm with . or Enter, or press ? or * to list all spells.
Aiming: Sandblast
Press: ? - help, Shift-Dir - straight line, f/p - gnoll
Aim: a gnoll (severely wounded)
The blast of sand hits the gnoll.
You kill the gnoll!
b - 13 stones The gnoll hits you from afar with a halberd.
You die...

#..##.#
#.....
#...###
###...
#.....#
###...
#.....#
#.....
#..##.#
#<##..
#.#####
#.###. #.#
..# ## #.#
..## # #@#
..##
#†######.#.
#.g).....#
####..####
#..## #..##
#)# #g #g


You could see a gnoll.

Vanquished Creatures
  3 gnolls (D:3)
  An adder (D:2)
  A worm (D:3)
  2 dart slugs (D:1)
  A leopard gecko (D:2)
  3 orcs (D:3)
  3 giant cockroaches
  7 goblins
  3 hobgoblins
  6 jackals
  6 kobolds
  2 quokkas (D:2)
  2 ball pythons
  8 bats
  A frilled lizard (D:1)
  6 rats
55 creatures vanquished.

Notes
Turn   | Place    | Note
-------+----------+-------------------------------------------
     0 | D:1      | Fortress the Vampire Earth Elementalist began the quest for the Orb.
     0 | D:1      | Reached XP level 1. HP: 13/13 MP: 3/3
   356 | D:2      | Reached XP level 2. HP: 10/19 MP: 0/5
   945 | D:1      | Reached XP level 3. HP: 24/24 MP: 6/6
  1042 | D:1      | Learned a level 3 spell: Stone Arrow
  3232 | D:3      | Reached XP level 4. HP: 12/30 MP: 5/7
  3425 | D:3      | Reached skill level 1 in Short Blades
  3425 | D:3      | Reached skill level 4 in Stealth
  3427 | D:3      | HP: 1/30 [gnoll (4)]
  3429 | D:3      | Slain by a gnoll

Skill      XL: |  1  2  3  4 |
---------------+-------------+-----
Dodging        | 3 |  3.1
Short Blades   | 1 |  1.2
Stealth        | 4 |  4.0
Spellcasting   | |  2.6
Transmutations | |  1.1
Earth Magic    | |  3.7
Evocations     | |  0.4

Action                   |  1- 3 |  4- 6 || total
-------------------------+-------+-------++-------
Melee: Unarmed           |    57 |       ||    57
       Bite              |    14 |     1 ||    15
       Rapier            |    66 |    11 ||    77
       Mace              |    29 |       ||    29
 Cast: Sandblast         |    28 |     6 ||    34
  Use: Potion            |     3 |     1 ||     4
 Stab: Sleeping          |     7 |     2 ||     9
  Eat: Corpse            |     4 |       ||     4
Armor: Robe              |    37 |       ||    37
Dodge: Dodged            |   157 |     7 ||   164
